 Dungeon Crawl Stone Soup version 0.18.1-51-gd549091e01 (webtiles) character file.

1518 magog001 the Blocker (level 8, -2/71 HPs)
             Began as a Minotaur Fighter on June 12, 2021.
             Was a Follower of Nemelex Xobeh.
             Slain by an orc warrior
             ... wielding a +0 glaive
              (11 damage)
             ... on level 6 of the Dungeon.
             The game lasted 00:26:38 (5568 turns).

magog001 the Blocker (Minotaur Fighter)             Turns: 5568, Time: 00:26:38

Health: -2/71      AC: 18    Str: 23    XL:     8   Next: 54%
Magic:  7/7        EV:  5    Int:  5    God:    Nemelex Xobeh [*.....]
Gold:   317        SH: 11    Dex: 10    Spells: 0 memorised, 7 levels left

rFire  . . .     SeeInvis +     u - +4 trident
rCold  . . .     Gourm    .     I - +0 plate armour
rNeg   . . .     Faith    .     c - +0 shield
rPois  .         Spirit   .     (helmet restricted)
rElec  .         Dismiss  .     g - +0 cloak
rCorr  .         Reflect  .     E - +0 pair of gloves
SustAt .         Harm     .     (no boots)
MR     .....                    (no amulet)
Stlth  ..........               v - +3 ring of protection
                                p - ring of see invisible

@: not resistant to hostile enchantments, extremely unstealthy
A: retaliatory headbutt, horns 2
a: Renounce Religion


You were on level 6 of the Dungeon.
You worshipped Nemelex Xobeh.
Nemelex Xobeh was aware of your devotion.
You were not hungry.

You visited 1 branch of the dungeon, and saw 6 of its levels.

You collected 317 gold pieces.

Inventory:

Hand Weapons
 a - a +0 war axe
 u - a +4 trident (weapon)
Missiles
 y - 7 tomahawks (quivered)
Armour
 c - a +0 shield (worn)
 g - a +0 cloak (worn)
 E - a +0 pair of gloves (worn)
 I - a +0 plate armour (worn)
Jewellery
 d - a +2 ring of strength {unknown}
 p - a ring of see invisible (left hand)
 v - a +3 ring of protection (right hand)
Wands
 s - a wand of slowing (26/48)
 B - a wand of confusion (40/48)
 G - a wand of random effects (6/48)
Scrolls
 i - 2 scrolls of teleportation
 j - 3 scrolls of magic mapping
 n - a scroll of remove curse
 D - a scroll of identify
 H - a scroll of enchant armour {unknown}
Potions
 b - a potion of degeneration
 e - a potion of haste
 k - a potion of agility
 m - a potion of brilliance {unknown}
 o - a potion of ambrosia
 q - a potion of mutation {unknown}
 t - a potion of invisibility {unknown}
 x - a potion of might
 z - a potion of cure mutation {unknown}
 C - a potion of heal wounds
Miscellaneous
 w - a plain deck of escape
 F - an ornate deck of destruction {drawn: 2}
Comestibles
 f - 4 bread rations
 h - 3 beef jerkies
 l - 4 chunks of flesh
 A - 2 meat rations


   Skills:
 * Level 6.6 Fighting
 - Level 3.5(4.9) Axes
 * Level 5.2(5.7) Polearms
 * Level 7.2 Armour
 * Level 8.4 Shields
 + Level 0.1 Evocations


You had 7 spell levels left.
You didn't know any spells.

Dungeon Overview and Level Annotations

Branches:
Dungeon (6/15)             Temple (0/1) D:6

Altars:
Dithmenos
Nemelex Xobeh
Sif Muna
The Shining One


Innate Abilities, Weirdness & Mutations

You reflexively headbutt those who attack you in melee.
You have a pair of horns on your head.


Message History

The orc warrior is moderately wounded.
You block the orc's attack. You block the orc warrior's attack.
You hit the orc warrior but do no damage.
The orc warrior is moderately wounded.
The orc barely misses you. You furiously retaliate!
You headbutt the orc. The orc warrior hits you with a glaive!
* * * LOW HITPOINT WARNING * * *
An orc comes into view. It is wielding an enchanted whip.
You hit the orc warrior.
The orc warrior is heavily wounded.
You block the orc's attack.
You completely miss the orc warrior.
The orc warrior is heavily wounded.
You block the orc's attack. You block the orc warrior's attack.
A gnoll sergeant comes into view. It is wielding a trident.
You hit the orc warrior but do no damage.
The orc warrior is heavily wounded.
The orc hits you but does no damage. The orc warrior hits you with a glaive!
You die...
Your body glows slightly and disappears.

...... ###### ...... #....#
..### #....# ....# ###....#
....# #.'....# ....#
#.#..).####### ....#
#.#...)......###
....##+#####.####o.........
....[...........@oo........
.....##.#.......#..........
.....##...8.8.8.....#'##.#.
.....###...⌠.⌠..#.#g#.# ..
.....# #..8.>.8...#.#o# #
.##### #...⌠.⌠...##.# . ##
...8.8.8..##.# .
#.#.......## .#


You could see an orc warrior, a gnoll sergeant and 2 orcs.

Vanquished Creatures
  A two-headed ogre (D:5)
  Edmund (D:5)
  2 orc warriors (D:6)
  An ice beast (D:5)
  A necrophage (D:5)
  An ogre (D:4)
  Blork the orc (D:5)
  5 hounds
  6 orc wizards
  4 orc priests
  A giant frog skeleton (D:4)
  An iguana (D:4)
  2 worker ants
  4 adders
  An adder skeleton (D:5)
  A worm (D:2)
  A dart slug (D:3)
  5 giant geckos
  13 orcs
  9 bats
  12 giant cockroaches
  7 goblins
  4 hobgoblins
  9 jackals
  2 quokkas (D:5)
  2 ball pythons
  5 giant newts
  5 kobolds
  4 rats
111 creatures vanquished.

Notes
Turn   | Place    | Note
--------------------------------------------------------------
     0 | D:1      | magog001 the Minotaur Fighter began the quest for the Orb.
     0 | D:1      | Reached XP level 1. HP: 19/19 MP: 0/0
   109 | D:1      | Reached skill level 4 in Shields
   232 | D:1      | Reached XP level 2. HP: 24/27 MP: 1/1
  1153 | D:2      | Found a deep blue altar of Sif Muna.
  1165 | D:2      | Reached XP level 3. HP: 30/33 MP: 2/2
  1793 | D:3      | Found a glowing golden altar of the Shining One.
  1855 | D:3      | Reached XP level 4. HP: 9/40 MP: 3/3
  1863 | D:3      | Reached skill level 5 in Shields
  1868 | D:3      | Reached XP level 5. HP: 8/47 MP: 4/4
  2138 | D:3      | Found a shadowy altar of Dithmenos.
  2170 | D:3      | Found a sparkling altar of Nemelex Xobeh.
  2186 | D:3      | Became a worshipper of Nemelex Xobeh the Trickster
  2440 | D:3      | Found a glowing golden altar of the Shining One.
  2758 | D:3      | Received a gift from Nemelex Xobeh
  3177 | D:4      | Noticed an ogre
  3209 | D:4      | Reached skill level 1 in Polearms
  3211 | D:4      | Killed an ogre
  3211 | D:4      | Reached skill level 5 in Armour
  3211 | D:4      | Reached XP level 6. HP: 15/55 MP: 5/5
  3444 | D:4      | Reached skill level 5 in Fighting
  3444 | D:4      | Reached skill level 6 in Shields
  3567 | D:4      | Received a gift from Nemelex Xobeh
  3722 | D:4      | Reached * piety under Nemelex Xobeh
  4160 | D:5      | Entered Level 5 of the Dungeon
  4214 | D:5      | Reached XP level 7. HP: 61/61 MP: 6/6
  4312 | D:5      | Noticed Edmund
  4332 | D:5      | Killed Edmund
  4366 | D:5      | Noticed Blork the orc
  4383 | D:5      | Killed Blork the orc
  4386 | D:5      | Reached skill level 7 in Shields
  4870 | D:5      | Noticed a two-headed ogre
  4870 | D:5      | an orc changed into a two-headed ogre
  4877 | D:5      | Killed a two-headed ogre
  4877 | D:5      | Reached XP level 8. HP: 70/70 MP: 7/7
  5062 | D:6      | Reached skill level 5 in Polearms
  5070 | D:6      | Reached skill level 8 in Shields
  5362 | D:6      | Found a staircase to the Ecumenical Temple.
  5568 | D:6      | Slain by an orc warrior

Skill      XL: |  1  2  3  4  5  6  7  8 |
---------------+-------------------------+-----
Shields        | 4 5 6 7 8 |  8.4
Armour         | 4 5 6 7 |  7.2
Fighting       | 4 5 6 |  6.6
Axes           | 3 |  3.5
Polearms       | 1 2 4 5 |  5.2
Evocations     | |  0.1

Action                   |  1- 3 |  4- 6 |  7- 9 || total
-------------------------+-------+-------+-------++-------
Melee: War axe           |   112 |    23 |    47 ||   182
       Headbutt          |     7 |    21 |    28 ||    56
       Trident           |       |    91 |    78 ||   169
Evoke: Deck              |       |       |     2 ||     2
       Wand              |       |       |     1 ||     1
  Use: Potion            |     1 |     3 |     1 ||     5
       Scroll            |       |    10 |     1 ||    11
 Stab: Confused          |       |       |     2 ||     2
  Eat: Chunk             |     3 |     8 |     3 ||    14
       Meat ration       |       |       |     1 ||     1
Armor: Scale mail        |    83 |     7 |       ||    90
       Chain mail        |       |    58 |    58 ||   116
       Plate armour      |       |       |    15 ||    15
Dodge: Dodged            |    35 |    40 |    29 ||   104
Block: Shield            |    97 |    56 |    88 ||   241
